 Dungeon Crawl Stone Soup version 0.29.0-5-ge4962eb29e (webtiles) character file.

Game seed: 17508882692636939159

752532 inmateoo the Axe Maniac (level 27, -5/271 (273) HPs)
             Began as a Minotaur Fighter on Aug 28, 2022.
             Was the Champion of the Shining One.
             Succumbed to a tainted leviathan's dark miasma
             ... on level 7 of Tartarus on Aug 29, 2022.
             The game lasted 01:45:08 (83030 turns).

inmateoo the Axe Maniac (Minotaur Fighter)         Turns: 83030, Time: 01:45:08

HP:   -5/271 (273)  AC: 45    Str: 31    XL:     27
MP:   18/38         EV: 29    Int:  4    God:    the Shining One [******]
Gold: 6535          SH: 22    Dex: 29    Spells: 26/26 levels left

rFire   + + +      SeeInvis .   y - +9 broad axe (holy)
rCold   + + .      Faith    .   f - +1 kite shield "Dekk" {rF+ rC+ Dex+9}
rNeg    + + +      Spirit   .   a - +5 gold dragon scales
rPois   +          Reflect  .   X - +1 hat of Miracles {rF++ Dex+3 Slay+4}
rElec   .          Harm     .   W - +1 cloak {rCorr}
rCorr   +          Rampage  .   M - +2 pair of gloves
Will    ++...                   E - +1 pair of boots {Stlth+}
Stlth   ..........              x - amulet of regeneration
HPRegen 1.35/turn               r - ring of willpower
MPRegen 0.26/turn               k - ring of willpower

@: lethally poisoned (-5 -> -22), mesmerised, slowed, studying 3 skills, lightly
drained, weak-willed, very slow
A: horns 2, retaliatory headbutt, iridescent scales 1, strong 1
}: 5/15 runes: decaying, silver, iron, obsidian, gossamer
a: Renounce Religion, Divine Shield, Cleansing Flame, Summon Divine Warrior


You were on level 7 of Tartarus.
You worshipped the Shining One.
The Shining One was exalted by your worship.
You visited 15 branches of the dungeon, and saw 73 of its levels.
You visited the Abyss 1 time.
You also visited: Trove, Gauntlet and Wizlab.

You collected 11001 gold pieces.
You spent 4466 gold pieces at shops.

Inventory:

Hand Weapons
 h - the +5 broad axe of Cyceser {flame, rElec rC+++ Will- rCorr Str-5}
   (You found it in a treasure trove)

   It burns those it strikes, dealing additional fire damage.
   Big, fiery blades are also staple armaments of hydra-hunters.
   Str:       It affects your strength (-5).
   rC:        It renders you almost immune to cold.
   rElec:     It insulates you from electricity.
   rCorr:     It protects you from acid and corrosion.
   Will:      It decreases your willpower.
 y - a +9 broad axe of holy wrath (weapon)
 R - a +8 antimagic broad axe
Missiles
 A - a throwing net (quivered)
Armour
 a - +5 gold dragon scales (worn)
 b - the +4 dragonskin cloak
   (You took it off Tiamat on level 3 of the Realm of Zot)

   It grants the wearer a chance to resist fire, cold, poison, electricity,
   acid, and negative energy.
 f - the +1 kite shield "Dekk" (worn) {rF+ rC+ Dex+9}
   (You acquired it on level 4 of the Realm of Zot)

   Dex:       It affects your dexterity (+9).
   rF:        It protects you from fire.
   rC:        It protects you from cold.
 E - a +1 pair of boots of stealth (worn)
 M - a +2 pair of gloves (worn)
 V - a +0 kite shield of reflection
 W - a +1 cloak of preservation (worn)
 X - the +1 hat of Miracles (worn) {rF++ Dex+3 Slay+4}
   (Okawaru gifted it to you on level 2 of the Elven Halls)

   Dex:       It affects your dexterity (+3).
   Slay:      It affects your accuracy & damage with ranged weapons and melee
   (+4).
   rF:        It greatly protects you from fire.
Jewellery
 c - the ring "Witecw" {rF+ Dex+6}
   (You found it on level 1 of the Spider Nest)

   [ring of dexterity]

   Dex:       It affects your dexterity (+6).
   rF:        It protects you from fire.
 k - a ring of willpower (right hand)
 o - the ring "Umeacuys" {+Blink rC+ rN+++ Will+ Str+2 Int-5}
   (You took it off a deep elf annihilator on level 3 of the Elven Halls)

   [ring of willpower]

   Str:       It affects your strength (+2).
   Int:       It affects your intelligence (-5).
   rC:        It protects you from cold.
   rN:        It renders you almost immune to negative energy.
   +Blink:    It lets you blink.
   Will:      It increases your willpower.
 p - a ring of protection from cold
 r - a ring of willpower (left hand)
 x - an amulet of regeneration (around neck)
Wands
 m - a wand of mindburst (22)
 B - a wand of quicksilver (11)
 G - a wand of iceblast (32)
 H - a wand of polymorph (42)
 J - a wand of paralysis (36)
 L - a wand of flame (114)
Scrolls
 g - 4 scrolls of blinking
 j - 5 scrolls of silence
 n - a scroll of enchant weapon
 w - 23 scrolls of teleportation
 D - 2 scrolls of brand weapon
 I - 2 scrolls of magic mapping
 K - 4 scrolls of fear
 O - 8 scrolls of amnesia
 Y - 6 scrolls of poison
 Z - 5 scrolls of fog
Potions
 d - 5 potions of might
 e - 36 potions of curing
 i - a potion of berserk rage
 l - 17 potions of heal wounds
 q - 7 potions of magic
 s - 8 potions of cancellation
 t - 14 potions of flight
 u - 10 potions of brilliance
 z - 3 potions of haste
 C - 13 potions of ambrosia
 F - 12 potions of mutation
 P - 6 potions of resistance


   Skills:
 O Level 27 Fighting
 O Level 27 Axes
 O Level 27 Armour
 + Level 25.9 Dodging
 O Level 27 Shields
 * Level 24.4 Invocations
 - Level 5.0 Evocations


You had 26 spell levels left.
You didn't know any spells.
Your spell library contained the following spells:

 Spells                   Type           Power      Damage    Failure   Level
 Apportation              Tloc           0%         N/A       96%         1
 Necrotise                Necr           0%         1d4       96%         1
 Sandblast                Erth           0%         2d4       96%         1
 Slow                     Hex            0%         N/A       96%         1
 Sting                    Tmut/Pois      0%         1d3       96%         1
 Summon Small Mammal      Summ           0%         N/A       96%         1
 Blink                    Tloc           0%         N/A       99%         2
 Ensorcelled Hibernation  Hex/Ice        0%         N/A       99%         2
 Passwall                 Tmut/Erth      0%         N/A       99%         2
 Poisonous Vapours        Pois/Air       0%         N/A       99%         2
 Sublimation of Blood     Necr           0%         N/A       99%         2
 Call Canine Familiar     Summ           0%         N/A       100%        3
 Conjure Flame            Conj/Fire      0%         6-21      100%        3
 Dazzling Flash           Conj/Hex       0%         N/A       100%        3
 Gell's Gravitas          Tloc           0%         N/A       100%        3
 Ignite Poison            Fire/Tmut/Pois 0%         N/A       100%        3
 Inner Flame              Hex/Fire       0%         N/A       100%        3
 Lesser Beckoning         Tloc           0%         N/A       100%        3
 Mephitic Cloud           Conj/Pois/Air  0%         N/A       100%        3
 Ozocubu's Armour         Ice            0%         N/A       100%        3
 Portal Projectile        Hex/Tloc       0%         N/A       100%        3
 Spider Form              Tmut/Pois      0%         N/A       100%        3
 Stone Arrow              Conj/Erth      0%         3d7       100%        3
 Summon Guardian Golem    Hex/Summ       0%         N/A       100%        3
 Teleport Other           Tloc           0%         N/A       100%        3
 Tukima's Dance           Hex            0%         N/A       100%        3
 Vampiric Draining        Necr           0%         2d6       100%        3
 Airstrike                Air            0%         2d(0-16)  100%        4
 Anguish                  Hex/Necr       0%         N/A       100%        4
 Cause Fear               Hex            0%         N/A       100%        4
 Corpse Rot               Necr/Pois/Air  0%         N/A       100%        4
 Fulminant Prism          Conj/Hex       0%         3d6       100%        4
 Hailstorm                Conj/Ice       0%         3d3       100%        4
 Ice Form                 Ice/Tmut       0%         N/A       100%        4
 Iskenderun's Mystic Bla  Conj/Tloc      0%         2d3       100%        4
 Leda's Liquefaction      Hex/Erth       0%         N/A       100%        4
 Olgreb's Toxic Radiance  Pois           0%         N/A       100%        4
 Passage of Golubria      Tloc           0%         N/A       100%        4
 Summon Ice Beast         Ice/Summ       0%         N/A       100%        4
 Summon Lightning Spire   Summ/Air       0%         N/A       100%        4
 Agony                    Necr           0%         N/A       100%        5
 Alistair's Intoxication  Tmut/Pois      0%         N/A       100%        5
 Blade Hands              Tmut           0%         N/A       100%        5
 Borgnjor's Vile Clutch   Necr/Erth      0%         N/A       100%        5
 Freezing Cloud           Conj/Ice/Air   0%         6-21      100%        5
 Irradiate                Conj/Tmut      0%         3d11      100%        5
 Lee's Rapid Deconstruct  Erth           0%         3d5*      100%        5
 Lightning Bolt           Conj/Air       0%         1d11      100%        5
 Manifold Assault         Tloc           0%         N/A       100%        5
 Metabolic Englaciation   Hex/Ice        0%         N/A       100%        5
 Silence                  Hex/Air        0%         N/A       100%        5
 Summon Mana Viper        Hex/Summ       0%         N/A       100%        5
 Dispersal                Tloc           0%         N/A       100%        6
 Eringya's Noxious Bog    Tmut/Pois      0%         N/A       100%        6
 Iron Shot                Conj/Erth      0%         9d1       100%        6
 Simulacrum               Ice/Necr       0%         N/A       100%        6
 Starburst                Conj/Fire      0%         6d3       100%        6
 Statue Form              Tmut/Erth      0%         N/A       100%        6
 Dragon Form              Tmut           0%         N/A       100%        7
 Haunt                    Necr/Summ      0%         N/A       100%        7
 Monstrous Menagerie      Summ           0%         N/A       100%        7
 Orb of Destruction       Conj           0%         9d5       100%        7
 Ozocubu's Refrigeration  Ice            0%         4d7       100%        7
 Spellforged Servitor     Conj/Summ      0%         N/A       100%        7
 Storm Form               Tmut/Air       0%         N/A       100%        7
 Discord                  Hex            0%         N/A       100%        8
 Disjunction              Tloc           0%         N/A       100%        8
 Lehudib's Crystal Spear  Conj/Erth      0%         10d2      100%        8
 Maxwell's Capacitive Co  Air            0%         ∞         100%        8
 Chain Lightning          Conj/Air       0%         N/A       100%        9
 Dragon's Call            Summ           0%         N/A       100%        9
 Polar Vortex             Ice            0%         N/A       100%        9


Dungeon Overview and Level Annotations

Branches:
Dungeon (15/15)            Temple (1/1) D:6            Lair (5/5) D:10
  Swamp (4/4) Lair:2       Spider (4/4) Lair:3        Slime (0/5) Lair:4
    Orc (2/2) D:12            Elf (3/3) Orc:2        Vaults (5/5) D:13
  Crypt (3/3) Vaults:3       Tomb (0/3) Crypt:3      Depths (4/4) D:15
   Hell (visited)             Dis (7/7) Hell            Geh (7/7) Hell
    Coc (0/7) Hell            Tar (7/7) Hell            Zot (5/5) Depths:4
 WizLab (visited)         Gauntlet (visited)

Altars:
Ashenzari
Cheibriados
Dithmenos
Elyvilon
Fedhas
Gozag
Hepliaklqana
Kikubaaqudgha
Makhleb
Nemelex Xobeh
Okawaru
Qazlal
Ru
Sif Muna
Trog
Uskayaw
Vehumet
Wu Jian
Xom
Yredelemnul
Zin
The Shining One
Jiyva
Lugonu

Shops:
D:4 *   D:9 !   D:10 ::   Orc:2 =:*(   Elf:1 :([   Elf:3 *   Vaults:1 [
Vaults:4 !   Vaults:5 *!   Depths:3 =

Portals:
Hell: Depths:1 Depths:2 Depths:3 Depths:4
Abyss: Depths:1 Depths:2 Depths:3 Depths:4
Pandemonium: Depths:2
Ziggurat: Depths:1

Annotations:
D:9 2 runed translucent doors, exclusion: obsidian statue
Lair:4 1 runed translucent door
Swamp:1 2 transporters
Dis:1 36 runed doors


Innate Abilities, Weirdness & Mutations

You have a pair of horns on your head.
You reflexively headbutt those who attack you in melee.
You are partially covered in iridescent scales. (AC +2)
Your muscles are strong. (Str +4, Int/Dex -1)


Message History

You feel very sick.
You hear a roar!
You block the profane servitor's attack.
The profane servitor hits you but does no damage. x2
You block the profane servitor's attack.
The profane servitor hits you but does no damage. x2
A tormentor comes into view.
The profane servitor misses you. You furiously retaliate!
You headbutt the profane servitor!
You block the profane servitor's attack.
A putrid mouth comes into view.
The profane servitor hits you but does no damage.
The profane servitor completely misses you.
The profane servitor hits you but does no damage.
You are electrocuted!
* * * LOW HITPOINT WARNING * * *
The profane servitor hits you but does no damage.
You block the profane servitor's attack. x3
The profane servitor hits you but does no damage.
Activating: Cleansing Flame (0% risk of failure)
Press: ? - help, Dir - look around, f - activate The golden flame engulfs you but does no damage.
You resist.
The golden flame engulfs the tainted leviathan!!
The tainted leviathan writhes in agony!
The tainted leviathan is heavily damaged.
The golden flame engulfs the profane servitor.
The profane servitor completely resists.
The golden flame engulfs the profane servitor.
The profane servitor completely resists.
The profane servitor is almost destroyed.
The golden flame engulfs the profane servitor.
The profane servitor completely resists.
The golden flame engulfs the Tzitzimitl!!!!
The Tzitzimitl writhes in agony!
The Tzitzimitl is severely wounded.
You are engulfed in dark miasma.
You are lethally poisoned!
* * * LOW HITPOINT WARNING * * *
You die...

.......#............*,,,,,,*,,,,,
....####........#####,,,,,,*,,,,,
.#.....#....†...#...#****,,*,,,,*
.############.###...#,,,,,,*,,***
##,,,,,*,,,#...##)###*#,,,,*,,,,*
,*,,,,,,,,,#..()..#,,.#.*,,*,,,,*
,*,,,,,,,**#..).†.#,..W#*,,,,*,,*
****,,,,.,,#.....A#.....*,,,,****
,,,*,,,,...#..°☼@A...#********,,,
,,,*,,*,......○CA#.....#,*,,,*,,,
*,,*,,**######°☼1#.#...#,*,,*****
****,,*,,,*,#°.Z####....,*,,,,*,,
,,,*,,*,,,*,#°..#..#,...,,,,,,,,*
,,,,,,**,,,,#.2....#**##*********
,*,,,,*,,,,,##C#####,,,,,,,,,*,,~
,*,,,,*,,*,,,☼☼.,,,,,,~~~~~~~~~~~
*******,,*,,..☼~~~~~~~~~~~~~~~~~~


You could see 3 profane servitors, 2 tainted leviathans, a Tzitzimitl, a putrid
mouth, a spectral swamp worm and a tormentor.

Vanquished Creatures
  Asmodeus (Geh:7)
  Tiamat (Zot:3)
  A dread lich (Geh:5)
  An ancient lich (Vaults:5)
  Dispater (Dis:7)
  Mennas (Vaults:4)
  9 juggernauts
  Josephina (Crypt:2)
  Sojobo (Vaults:4)
  Boris (Crypt:2)
  Vv (Depths:3)
  Frederick (Vaults:4)
  2 Killer Klowns
  Parghit (Zot:3)
  Saint Roka (Vaults:1)
  Margery (Vaults:4)
  Geryon (Hell)
  2 caustic shrikes
  5 curse toes
  6 profane servitors
  10 golden dragons
  Nikola (Spider:2)
  A Hellbinder (WizLab)
  2 bone dragons
  5 doom hounds
  Jory (Crypt:3)
  7 Tzitzimimeh
  11 Brimstone Fiends
  9 hellephants
  12 iron giants
  2 electric golems (Zot:3)
  19 tentacled monstrosities
  Rupert (D:12)
  19 Hell Sentinels
  Jorgrun (Spider:3)
  A spectral shard shrike (Tar:3)
  8 tainted leviathans
  A walking earthen tome (Depths:2)
  7 Orb Guardians (Zot:5)
  Asterion (D:13)
  9 liches
  7 deep elf blademasters
  10 quicksilver dragons
  13 deep elf master archers
  17 titans
  25 searing wretches
  34 ancient champions
  5 death cobs
  Gastronok (D:8)
  A tentacled starspawn (Abyss:2)
  A thorn hunter (Swamp:4)
  6 sphinxes
  14 tengu reavers
  11 shadow dragons
  Roxanne (D:15)
  4 revenants
  3 draconian monks
  6 draconian knights
  10 storm dragons
  Donald (Spider:3)
  22 quicksilver elementals
  A fenstrider witch (Swamp:2)
  5 iron dragons
  8 emperor scorpions
  28 frost giants
  30 balrugs
  33 fire giants
  6 deep elf sorcerers (Elf:3)
  Louise (Spider:3)
  21 vault wardens
  5 curse skulls
  Aizul (Vaults:4)
  A cacodemon (WizLab)
  3 draconian shifters
  An orc warlord (Vaults:3)
  2 spriggan defenders (Depths:3)
  5 draconian scorchers
  2 caustic shrike zombies
  5 ghost moths
  6 draconian stormcallers
  6 draconian annihilators
  3 deep elf elementalists (Elf:3)
  15 ironbound preservers
  7 reapers
  A caustic shrike skeleton (Crypt:2)
  22 war gargoyles
  The ghost of Cumomo the Carver, an adept SpEn of Kikubaaqudgha (Spider:1)
  9 ghouls
  4 broodmothers
  35 stone giants
  4 deep elf demonologists
  10 vampire knights
  16 very ugly things
  17 putrid mouths
  17 green draconians
  6 ironbound thunderhulks
  A dire elephant (shapeshifter) (Vaults:5)
  12 black draconians
  5 bunyips
  A demonspawn black sun (WizLab)
  A minotaur (Gauntlet)
  2 lorocyprocas (WizLab)
  4 entropy weavers
  8 deep elf annihilators (Elf:3)
  11 yellow draconians
  16 dire elephants
  16 purple draconians
  9 white draconians
  15 red draconians
  The ghost of Hiywul the Fighter, a journeyman MiHu of Trog (Lair:4)
  5 eleionomae
  Snorg (D:10)
  15 spark wasps
  A crystal guardian (Vaults:2)
  7 deep elf death magi
  A green death (WizLab)
  10 ettins
  12 iron golems
  3 blizzard demons
  An eidolon (Crypt:1)
  3 shambling mangroves
  Fannar (D:12)
  20 jiangshi
  A merfolk impaler (Depths:2)
  A merfolk javelineer (Depths:3)
  10 fire dragons
  10 yaktaur captains
  A spectral spriggan (Tar:2)
  3 salamander tyrants
  4 great orbs of eyes
  8 ice dragons
  24 hydras
  9 deep elf high priests
  6 rakshasas
  4 boulder beetles
  4 ghost crabs
  2 hell beasts (WizLab)
  31 vault guards
  A spriggan air mage (D:15)
  3 peacekeepers (Vaults:2)
  A juggernaut simulacrum (Depths:1)
  2 radroaches (Spider:1)
  10 stokers
  A jorogumo (Spider:4)
  2 ogre magi (Vaults:5)
  3 catoblepae
  12 ironbound frosthearts
  A spectral stone giant (Tar:4)
  10 two-headed ogres
  12 centaur warriors
  8 deep troll shamans
  4 alligators
  A two-headed ogre (shapeshifter) (Vaults:2)
  18 death yaks
  33 dancing weapons
  8 tengu warriors
  8 death knights
  21 hell hogs
  3 orc high priests (Orc:2)
  5 deep troll earth magi
  3 spriggan berserkers
  5 vampire magi
  2 titan skeletons
  A storm dragon zombie (Hell)
  The ghost of Roubeug the Spry, a journeyman FeBe of Trog (D:12)
  34 skeletal warriors
  16 hell knights
  24 deep elf knights
  9 sun demons
  A fire crab (Gauntlet)
  A wretched star (Abyss:2)
  6 soul eaters
  6 crystal echidnas
  A sixfirhy (WizLab)
  6 pharaoh ants
  2 iron trolls (Depths:4)
  4 shadow wraiths
  Amaemon (Lair:3)
  5 goliath frogs
  A sun moth (Spider:1)
  3 glowing orange brains
  A spectral bunyip (Crypt:3)
  6 steelbarb worms
  6 flayed ghosts
  2 shadow demons (WizLab)
  2 storm dragon skeletons
  50 deep trolls
  10 orb spiders
  7 swamp dragons
  14 wizards
  8 spriggan druids
  7 bog bodies
  17 deep elf archers
  13 necromancers
  A spriggan simulacrum (Hell)
  13 lindwurms
  10 harpies
  A fenstrider witch simulacrum (Hell)
  10 orc knights
  2 anaconda skeletons (Crypt:2)
  28 ironbound convokers
  33 deep elf zephyrmancers
  23 deep elf pyromancers
  7 phantasmal warriors
  A frost giant zombie (Vaults:1)
  A lindwurm (shapeshifter) (Vaults:5)
  6 orc sorcerers
  A fire giant zombie (Crypt:1)
  22 wolf spiders
  8 will-o-the-wisps
  A human zombie (Vaults:3)
  A faun (shapeshifter) (Depths:2)
  56 ugly things
  6 cyclopes
  28 moths of wrath
  A spectral centaur (Crypt:3)
  10 black mambas
  A centaur zombie (Crypt:1)
  14 elephants
  9 apocalypse crabs (Zot:2)
  16 vault sentinels
  A water nymph (shapeshifter) (Depths:3)
  A rust devil (WizLab)
  A guardian serpent (shapeshifter) (Vaults:5)
  A guardian serpent (Lair:5)
  6 smoke demons
  4 gargoyles
  8 spectral swamp worms (Tar:7)
  5 orange demons
  7 hellions
  A titan simulacrum (Crypt:3)
  4 torpor snails
  3 rime drakes
  20 cane toads
  3 ice devils
  14 freezing wraiths
  An efreet (D:14)
  14 komodo dragons
  24 yaktaurs
  3 anaconda simulacra
  An unseen horror (D:10)
  A bunyip simulacrum (Crypt:2)
  5 tengu conjurers
  4 demonic crawlers
  A spark wasp simulacrum (Depths:1)
  16 tormentors
  4 red devils
  6 tyrant leeches
  A spectral naga (Tar:5)
  A hellwing (WizLab)
  2 silent spectres (Tar:1)
  3 polar bears
  4 trolls
  A tarantella (shapeshifter) (Vaults:5)
  3 large abominations
  32 hornets
  A wind drake (shapeshifter) (Vaults:5)
  2 harpy skeletons (Crypt:1)
  24 tarantellas
  A dream sheep (shapeshifter) (Vaults:5)
  7 dream sheep (Lair:4)
  12 blink frogs
  A frost giant simulacrum (Depths:1)
  27 slime creatures
  A slime creature (shapeshifter) (Depths:2)
  A black mamba zombie (Crypt:1)
  3 ettin skeletons
  48 flying skulls (Crypt:3)
  25 jumping spiders
  2 culicivoras (shapeshifter)
  A centaur simulacrum (Crypt:3)
  2 ynoxinuls (WizLab)
  2 air elementals (Elf:3)
  15 spriggans
  16 wyverns
  An elf skeleton (Vaults:3)
  A vampire (D:13)
  63 yaks
  18 culicivoras
  2 shadows (Crypt:3)
  8 water elementals
  8 wraiths
  10 basilisks
  A fire elemental (Elf:2)
  3 fire bats (Gauntlet)
  A redback (shapeshifter) (Vaults:4)
  9 vampire mosquitoes
  5 steam dragons
  3 neqoxecs
  6 small abominations
  72 redbacks
  2 chaos spawn
  The ghost of sentinel the Digger, an amateur MeEE of Elyvilon (D:6)
  A harpy simulacrum (Crypt:2)
  21 swamp worms
  A swamp worm (shapeshifter) (Vaults:4)
  4 wargs
  A hydra simulacrum (Crypt:2)
  A hell hound (Gauntlet)
  5 acid dragons
  A water nymph skeleton (Crypt:1)
  18 water moccasins
  4 floating eyes
  A cane toad skeleton (Crypt:1)
  2 human skeletons
  A swamp drake (shapeshifter) (Vaults:5)
  3 black bears
  3 ice beasts
  20 orc warriors
  A merfolk skeleton (Crypt:1)
  10 swamp drakes
  2 sky beasts
  An ettin simulacrum (Depths:1)
  An ogre (shapeshifter) (Vaults:5)
  7 ogres
  7 centaurs
  12 wolves
  A rime drake zombie (Crypt:2)
  A blink frog skeleton (Crypt:1)
  A phantom (D:5)
  A kobold brigand (D:9)
  11 bullfrogs
  3 gnoll sergeants
  10 necrophages
  3 earth elementals
  4 scorpions
  A naga simulacrum (Crypt:2)
  4 wights (D:7)
  A shapeshifter zombie (Crypt:2)
  12 killer bees
  3 howler monkeys
  3 electric eels
  3 hounds
  17 orc priests
  9 iguanas
  Natasha (thrice) (D:2)
  4 hell rats (Hell)
  31 orc wizards
  A naga zombie (Crypt:2)
  18 gnolls
  6 adders
  2 white imps
  2 ufetubi
  5 worms
  2 dart slugs
  50 orcs
  6 ball pythons
  3 bats
  6 endoplasms
  7 giant cockroaches
  12 goblins
  8 hobgoblins
  6 jackals (D:1)
  4 quokkas
  An endoplasm zombie (Crypt:2)
  3 frilled lizards (D:1)
  16 kobolds
  4 rats
  2 river rat skeletons (Crypt:1)
  4 briar patches (Swamp:4)
  4 creeping infernos
  32 fire vortices
  2 starspawn tentacles (Abyss:2)
2819 creatures vanquished.

Vanquished Creatures (collateral kills)
  A juggernaut (Dis:7)
  An iron giant (Dis:7)
  2 Hell Sentinels (Dis:7)
  2 ancient champions (Dis:7)
  A draconian knight (Zot:3)
  A draconian shifter (Zot:3)
  A draconian scorcher (Zot:3)
  A reaper (Tar:2)
  A war gargoyle (Dis:7)
  A white draconian (Zot:3)
  3 black draconians
  A purple draconian (Hell)
  4 dancing weapons (Dis:7)
  A crystal echidna (Dis:7)
  A deep elf knight (Hell)
  2 deep elf pyromancers (Hell)
  2 deep elf zephyrmancers (Hell)
26 creatures vanquished.

Vanquished Creatures (others)
  A searing wretch (Geh:7)
  A ghost moth (Spider:4)
  A dancing weapon (Elf:2)
  A deep elf knight (Hell)
  A swamp dragon (Lair:5)
  A deep elf zephyrmancer (Hell)
  A moth of wrath (Zot:3)
  A rust devil (WizLab)
  A jumping spider (Spider:4)
  A culicivora (Spider:4)
  An orc wizard (Orc:2)
  3 creeping infernos
  A fire vortex (Geh:3)
  38 foxfires
  30 fungi
  68 plants
  2 starspawn tentacles (Abyss:2)
153 creatures vanquished.

Grand Total: 2998 creatures vanquished

Notes
Turn   | Place    | Note
-------+----------+-------------------------------------------
     0 | D:1      | inmateoo the Minotaur Fighter began the quest for the Orb.
     0 | D:1      | Reached XP level 1. HP: 19/19 MP: 0/0
   142 | D:1      | Reached XP level 2. HP: 26/27 MP: 1/1
   342 | D:1      | Reached skill level 1 in Dodging
   358 | D:1      | Reached XP level 3. HP: 27/33 MP: 2/2
   374 | D:1      | Got Duumalun's Excursus on the Geometric Atmosphere
  1082 | D:2      | Reached XP level 4. HP: 25/40 MP: 3/3
  1335 | D:2      | Noticed Natasha
  1348 | D:2      | Killed Natasha
  1671 | D:2      | Noticed Natasha
  1679 | D:2      | Killed Natasha
  1799 | D:2      | Reached XP level 5. HP: 47/47 MP: 4/4
  1858 | D:2      | Noticed Natasha
  1861 | D:2      | Killed Natasha
  2017 | D:3      | Found a hazy altar of Hepliaklqana.
  2029 | D:3      | Found an ornate altar of the Wu Jian Council.
  2320 | D:3      | Found a blossoming altar of Fedhas.
  2568 | D:4      | Identified the amulet "Yqack" {Reflect rPois Int+3 Dex-3
                  | Slay+3 SH+5}
  3010 | D:4      | Noticed a black bear
  3061 | D:4      | Reached XP level 6. HP: 32/53 MP: 5/5
  3069 | D:4      | Reached skill level 5 in Axes
  3220 | D:4      | Reached skill level 5 in Fighting
  3220 | D:4      | Reached skill level 5 in Armour
  3220 | D:4      | Reached skill level 5 in Shields
  3424 | D:4      | Reached XP level 7. HP: 41/61 MP: 6/6
  3601 | D:4      | Found Aceisirch's General Store.
  3609 | D:4      | Bought a potion of heal wounds for 70 gold pieces
  3609 | D:4      | Bought a potion of curing for 42 gold pieces
  3609 | D:4      | Bought a scroll of identify for 28 gold pieces
  3609 | D:4      | Bought a potion of curing for 42 gold pieces
  3978 | D:5      | Entered Level 5 of the Dungeon
  4101 | D:5      | Found a snail-covered altar of Cheibriados.
  4436 | D:6      | Reached XP level 8. HP: 70/70 MP: 7/7
  4478 | D:6      | Found a staircase to the Ecumenical Temple.
  4528 | Temple   | Entered the Ecumenical Temple
  4541 | Temple   | Became a worshipper of Warmaster Okawaru
  4605 | D:6      | Found a runed translucent gate.
  4628 | D:6      | Found Susesuty's Neck Hole.
  4659 | D:6      | Found a sparkling altar of Nemelex Xobeh.
  4800 | D:6      | Found a runed translucent gate.
  4801 | D:6      | Found a runed translucent gate.
  4802 | D:6      | Noticed sentinel's ghost (amateur MeEE)
  5068 | D:6      | Reached * piety under Okawaru
  5143 | D:6      | Killed sentinel's ghost
  5254 | D:7      | Reached XP level 9. HP: 78/78 MP: 8/8
  5404 | D:7      | Reached skill level 5 in Dodging
  5498 | D:7      | Reached ** piety under Okawaru
  6049 | D:8      | Noticed Gastronok
  6066 | D:8      | Killed Gastronok
  6066 | D:8      | Reached *** piety under Okawaru
  6066 | D:8      | Reached **** piety under Okawaru
  6067 | D:8      | Reached skill level 10 in Axes
  6067 | D:8      | Reached XP level 10. HP: 88/88 MP: 9/9
  6221 | D:8      | Identified the +6 spear "Leb Omye" {chaos, *Rage rF+ Int+4}
  6535 | D:8      | Found an ancient bone altar of Kikubaaqudgha.
  6796 | D:9      | Found Edarac's Distillery.
  6812 | D:9      | Bought a potion of haste for 160 gold pieces
  6812 | D:9      | Bought a potion of curing for 48 gold pieces
  7314 | D:9      | Reached skill level 1 in Invocations
  7331 | D:9      | Reached ***** piety under Okawaru
  7576 | D:9      | Found a runed translucent door.
  7587 | D:9      | Found a runed translucent door.
  7608 | D:9      | Received a gift from Okawaru
  7643 | D:9      | Found a runed translucent door.
  7657 | D:9      | Found a runed translucent door.
  7899 | D:9      | Noticed an obsidian statue
  7962 | D:10     | Entered Level 10 of the Dungeon
  8225 | D:10     | Found Mufauqon's Self-Improvement Boutique.
  8244 | D:10     | Found Deyb's Book Shoppe.
  8264 | D:10     | Reached XP level 11. HP: 73/97 MP: 11/11
  8367 | D:10     | Found a staircase to the Lair.
  8453 | D:10     | Noticed Snorg
  8468 | D:10     | Killed Snorg
  8703 | D:10     | Noticed a centaur warrior
  8714 | D:10     | Killed a centaur warrior
  9558 | D:11     | Noticed a green ugly thing
  9570 | D:11     | Killed a green ugly thing
  9857 | D:11     | Noticed a two-headed ogre
  9864 | D:11     | Killed a two-headed ogre
 10265 | D:12     | Found a staircase to the Orcish Mines.
 10676 | D:12     | Reached skill level 10 in Shields
 10714 | D:12     | Noticed a two-headed ogre
 10726 | D:12     | Killed a two-headed ogre
 10727 | D:12     | Reached skill level 10 in Armour
 10784 | D:12     | Noticed a deep elf pyromancer
 10795 | D:12     | Reached skill level 10 in Fighting
 11069 | D:12     | Killed a deep elf pyromancer
 11148 | D:12     | Noticed a boulder beetle
 11377 | D:12     | Killed a boulder beetle
 11378 | D:12     | Reached XP level 12. HP: 82/106 MP: 14/14
 11515 | D:12     | Found a portal to a secret trove of treasure.
 11521 | D:12     | Found a transporter.
 11521 | D:12     | Found a transporter.
 11549 | D:12     | Noticed Rupert
 11569 | D:12     | Killed Rupert
 11569 | D:12     | Received a gift from Okawaru
 12093 | D:12     | Found an ancient bone altar of Kikubaaqudgha.
 12122 | D:12     | Noticed Fannar
 12164 | D:12     | Killed Fannar
 12165 | D:12     | Reached skill level 5 in Invocations
 12449 | D:12     | Noticed a two-headed ogre
 12449 | D:12     | Noticed a two-headed ogre
 12450 | D:12     | Noticed a two-headed ogre
 12451 | D:12     | Noticed Roubeug's ghost (journeyman FeBe)
 12452 | D:12     | Noticed a two-headed ogre
 12453 | D:12     | Noticed a two-headed ogre
 12702 | D:13     | Noticed a centaur warrior
 12719 | D:13     | Killed a centaur warrior
 13883 | D:13     | Identified the +1 pearl dragon scales "Hupize Cumo"
                  | {Rampage rElec rN+ Str-5 Slay+5} (Okawaru gifted it to you
                  | on level 13 of the Dungeon)
 13883 | D:13     | Received a gift from Okawaru
 14043 | D:13     | Noticed a catoblepas
 14044 | D:13     | Noticed a boulder beetle
 14053 | D:13     | Killed a catoblepas
 14060 | D:13     | Killed a boulder beetle
 14066 | D:13     | Noticed a vault guard
 14417 | D:12     | Killed a vault guard
 14930 | D:13     | Found a gate to the Vaults.
 15080 | D:14     | Noticed a tengu warrior
 15081 | D:14     | Noticed a tengu warrior
 15092 | D:13     | Killed a tengu warrior
 15093 | D:13     | Reached XP level 13. HP: 101/116 MP: 16/16
 15431 | D:14     | Reached skill level 15 in Axes
 15840 | Lair:1   | Entered Level 1 of the Lair of Beasts
 16278 | Lair:1   | Reached ****** piety under Okawaru
 16763 | Lair:2   | Received a gift from Okawaru
 16774 | Lair:2   | Reached skill level 10 in Dodging
 16959 | Lair:2   | Found a staircase to the Swamp.
 16985 | Lair:2   | Received a gift from Okawaru
 17373 | Lair:2   | Found the amulet of Elemental Vulnerability {rPois rF--
                  | rC-- AC+8}
 17884 | Lair:3   | Identified the +2 robe of Sin {rF+ Str-3 Stlth+} (Okawaru
                  | gifted it to you on level 3 of the Lair of Beasts)
 17884 | Lair:3   | Received a gift from Okawaru
 17899 | Lair:3   | Found a gate leading to a gauntlet.
 17908 | Gauntlet | Entered a Gauntlet
 17908 | Gauntlet | Found a large runed translucent door.
 17908 | Gauntlet | Found a large runed translucent door.
 17908 | Gauntlet | Found a large runed translucent door.
 17908 | Gauntlet | Found a large runed translucent door.
 17908 | Gauntlet | Found a large runed translucent door.
 17908 | Gauntlet | Found a large runed translucent door.
 17908 | Gauntlet | Found a large runed translucent door.
 17908 | Gauntlet | Found a large runed translucent door.
 17908 | Gauntlet | Found a runed translucent door.
 17908 | Gauntlet | Found a runed translucent gate.
 17908 | Gauntlet | Found a transporter.
 17908 | Gauntlet | Found a transporter.
 17908 | Gauntlet | Found a runed translucent gate.
 17908 | Gauntlet | Found a transporter.
 17908 | Gauntlet | Found a transporter.
 17912 | Gauntlet | Found a transporter.
 17912 | Gauntlet | Found a transporter.
 17922 | Gauntlet | Found a transporter.
 17926 | Gauntlet | Found a transporter.
 17936 | Gauntlet | Found a transporter.
 18009 | Gauntlet | Found a runed translucent door.
 18010 | Gauntlet | Found a large runed translucent door.
 18010 | Gauntlet | Found a large runed translucent door.
 18010 | Gauntlet | Found a large runed translucent door.
 18010 | Gauntlet | Found a large runed translucent door.
 18011 | Gauntlet | Found a large runed translucent door.
 18011 | Gauntlet | Found a large runed translucent door.
 18012 | Gauntlet | Found a large runed translucent door.
 18012 | Gauntlet | Found a large runed translucent door.
 18021 | Gauntlet | Found a runed translucent gate.
 18041 | Gauntlet | Found a transporter.
 18043 | Gauntlet | Found a transporter.
 18053 | Gauntlet | Found a transporter.
 18131 | Gauntlet | Identified the +0 pair of boots "Lupliv" {Rampage}
 18185 | Gauntlet | Reached XP level 14. HP: 125/126 MP: 10/18
 18200 | Gauntlet | Identified the +9 broad axe of the Wheel {vorpal, rF- rCorr
                  | Dex+4}
 18229 | Gauntlet | Identified the +4 crystal plate armour of Unreason {rN+++
                  | rCorr Str-5 Dex-5}
 18229 | Gauntlet | Identified the +5 war axe of Insufficient Pleasure {drain,
                  | Fragile rPois rCorr}
 18768 | Lair:3   | Noticed Amaemon
 18803 | Lair:3   | Killed Amaemon
 18806 | Lair:3   | Found a hole to the Spider Nest.
 19216 | Lair:3   | Received a gift from Okawaru
 19421 | Lair:4   | Noticed Hiywul's ghost (journeyman MiHu)
 19584 | Lair:4   | Found a runed translucent door.
 19755 | Lair:4   | Found a bloodstained altar of Trog.
 19768 | Lair:4   | Found a transporter.
 19771 | Lair:4   | Found a transporter.
 19814 | Lair:4   | Identified the +8 short sword of inmateoo's Quick Death
                  | {distort, Dex+4}
 19854 | Lair:4   | Found a viscous altar of Jiyva.
 19858 | Lair:4   | Found a staircase to the Slime Pits.
 20174 | Lair:4   | Received a gift from Okawaru
 20175 | Lair:4   | Killed Hiywul's ghost
 20207 | Lair:5   | Entered Level 5 of the Lair of Beasts
 20396 | Lair:5   | Reached XP level 15. HP: 128/135 MP: 20/20
 20415 | Lair:5   | Received a gift from Okawaru
 21042 | Lair:5   | Identified the +1 cloak of Experimentation {Int+3 Dex+3}
                  | (Okawaru gifted it to you on level 5 of the Lair of Beasts)
 21042 | Lair:5   | Received a gift from Okawaru
 21076 | Lair:5   | Identified the +6 short sword "Xablargherul" {vorpal,
                  | Str+3}
 22561 | Orc:1    | Entered Level 1 of the Orcish Mines
 22891 | Orc:2    | Entered Level 2 of the Orcish Mines
 22948 | Orc:2    | Found a staircase to the Elven Halls.
 23004 | Orc:2    | Found a shimmering altar of Xom.
 23251 | Orc:2    | Found Kinlisy's Weapon Shop.
 23264 | Orc:2    | Found Rymeu's Book Shoppe.
 23746 | Orc:2    | Found Ruekest's General Store.
 23747 | Orc:2    | Found Lagyttiu's Jewellery Shoppe.
 23785 | Orc:2    | Bought a scroll of teleportation for 39 gold pieces
 23890 | D:10     | Bought a manual of Fighting for 1200 gold pieces
 24079 | D:14     | Identified the +2 robe "Nuredig" {rPois Regen+ Int-2
                  | Slay-6} (Okawaru gifted it to you on level 14 of the
                  | Dungeon)
 24079 | D:14     | Received a gift from Okawaru
 24273 | D:15     | Entered Level 15 of the Dungeon
 24274 | D:15     | Noticed Roxanne
 24317 | D:15     | Reached skill level 15 in Armour
 24449 | D:15     | Killed Roxanne
 24559 | D:15     | Identified the +3 ring mail "Zuidaq" {Regen+ Int+5}
 24590 | D:15     | Reached XP level 16. HP: 147/147 MP: 22/22
 25191 | D:15     | Found a staircase to the Depths.
 25478 | Orc:2    | Bought a ring of poison resistance for 300 gold pieces
 25638 | Spider:1 | Entered Level 1 of the Spider Nest
 25722 | Spider:1 | Reached skill level 10 in Invocations
 26134 | Spider:1 | Found a runed translucent door.
 26142 | Spider:1 | Received a gift from Okawaru
 26143 | Spider:1 | Reached skill level 15 in Fighting
 26359 | Spider:1 | Found a shimmering altar of Xom.
 26359 | Spider:1 | Noticed Cumomo's ghost (adept SpEn)
 26381 | Spider:1 | Killed Cumomo's ghost
 26389 | Spider:1 | Identified the ring "Witecw" {rF+ Dex+6}
 27497 | Spider:1 | Received a gift from Okawaru
 28074 | Spider:2 | Received a gift from Okawaru
 28281 | Spider:2 | Noticed Nikola
 28293 | Spider:2 | Killed Nikola
 28294 | Spider:2 | Reached skill level 15 in Shields
 28404 | Spider:3 | Noticed Jorgrun
 28412 | Spider:3 | Killed Jorgrun
 28628 | Spider:3 | Noticed Donald
 28648 | Spider:3 | Killed Donald
 29084 | Spider:3 | Noticed Louise
 29093 | Spider:3 | Killed Louise
 29133 | Spider:3 | Reached XP level 17. HP: 157/158 MP: 23/23
 29445 | Spider:4 | Entered Level 4 of the Spider Nest
 30150 | Spider:4 | Identified the +2 chain mail of Okawaru's Regard {Will+
                  | Str+2} (Okawaru gifted it to you on level 4 of the Spider
                  | Nest)
 30150 | Spider:4 | Received a gift from Okawaru
 31369 | Spider:4 | Got a gossamer rune of Zot
 31803 | Swamp:1  | Entered Level 1 of the Swamp
 31803 | Swamp:1  | Found a transporter.
 31849 | Swamp:1  | Found a transporter.
 32175 | D:12     | Killed Roubeug's ghost
 32227 | D:12     | You paid a toll of 6 scrolls of fog to enter a treasure
                  | trove
 32228 | Trove    | Entered a treasure trove
 32240 | Trove    | Identified the +5 broad axe of Cyceser {flame, rElec rC+++
                  | Will- rCorr Str-5}
 32275 | Trove    | Identified the +6 war axe "Xeucih" {vorpal, rN+}
 33490 | Swamp:2  | Identified the +8 arbalest of Aruil {elec, Contam rPois
                  | Str+6}
 33544 | Swamp:2  | Identified the +6 scale mail of the Catamount {Rampage Fly
                  | rF+} (Okawaru gifted it to you on level 2 of the Swamp)
 33544 | Swamp:2  | Received a gift from Okawaru
 33545 | Swamp:2  | Reached XP level 18. HP: 144/172 MP: 8/24
 33736 | Swamp:2  | Paralysed by a fenstrider witch for 3 turns
 34876 | Swamp:4  | Entered Level 4 of the Swamp
 36370 | Swamp:4  | Identified the +0 robe "Allig" {Harm} (Okawaru gifted it to
                  | you on level 4 of the Swamp)
 36370 | Swamp:4  | Received a gift from Okawaru
 36591 | Swamp:4  | Got a decaying rune of Zot
 36960 | Vaults:1 | Entered Level 1 of the Vaults
 36970 | Vaults:1 | Noticed Saint Roka
 36974 | Vaults:1 | Reached skill level 15 in Dodging
 36994 | Vaults:1 | Killed Saint Roka
 37068 | Vaults:1 | Noticed Asterion
 37476 | D:13     | Killed Asterion
 38393 | D:10     | Bought a manual of Axes for 1200 gold pieces
 38636 | Vaults:1 | Found Syudu's Armour Shop.
 38643 | Vaults:1 | Reached XP level 19. HP: 168/183 MP: 8/25
 39614 | Vaults:2 | Received a gift from Okawaru
 40170 | Vaults:2 | Reached skill level 1 in Evocations
 41091 | Vaults:2 | Received a gift from Okawaru
 41280 | Vaults:3 | Found a staircase to the Crypt.
 41767 | Vaults:3 | Reached XP level 20. HP: 173/195 MP: 8/26
 42055 | Vaults:3 | Identified the +11 long sword "Kasoev" {venom, Will- Str+6}
                  | (Okawaru gifted it to you on level 3 of the Vaults)
 42055 | Vaults:3 | Received a gift from Okawaru
 42537 | Vaults:4 | Noticed Sojobo
 42561 | Vaults:4 | Killed Sojobo
 43048 | Vaults:4 | Received a gift from Okawaru
 43179 | Abyss:2  | Cast into level 2 of the Abyss (a wizard)
 43338 | Abyss:2  | Gained mutation: Your magical capacity is low. (-10% MP) [a
                  | neqoxec]
 43370 | Abyss:2  | Found a corrupted altar of Lugonu.
 43372 | Abyss:2  | Found a corrupted altar of Lugonu.
 43372 | Abyss:2  | Found a corrupted altar of Lugonu.
 43435 | Vaults:4 | Escaped the Abyss
 43577 | Vaults:4 | Got Sif Muna's Volume of Hoarfrost
 43833 | Vaults:4 | Noticed Mennas
 43861 | Vaults:4 | Killed Mennas
 43962 | Vaults:4 | Reached skill level 5 in Evocations
 44031 | Vaults:4 | Noticed Frederick
 44038 | Vaults:4 | Noticed Margery
 44041 | Vaults:4 | Noticed Aizul
 44451 | Vaults:4 | Identified the +3 kite shield "Seisaon" {Rampage +Blink rF-
                  | rC++} (Okawaru gifted it to you on level 4 of the Vaults)
 44451 | Vaults:4 | Received a gift from Okawaru
 44648 | Vaults:4 | Found Wirypn's Distillery.
 44653 | Vaults:4 | Bought a potion of might for 56 gold pieces
 44653 | Vaults:4 | Bought a potion of mutation for 112 gold pieces
 44653 | Vaults:4 | Bought 2 potions of heal wounds for 140 gold pieces
 44653 | Vaults:4 | Bought a potion of curing for 42 gold pieces
 44653 | Vaults:4 | Bought a potion of might for 56 gold pieces
 44653 | Vaults:4 | Bought a potion of resistance for 140 gold pieces
 45057 | Vaults:4 | Killed Frederick
 45104 | Vaults:4 | Killed Aizul
 45212 | Vaults:4 | Killed Margery
 45213 | Vaults:4 | Reached XP level 21. HP: 164/204 MP: 8/24
 45590 | Elf:1    | Entered Level 1 of the Elven Halls
 45677 | Elf:1    | Found Azofepi's Book Shoppe.
 45682 | Elf:1    | Found Cefodwet's Antique Weapon Shoppe.
 45874 | Elf:1    | Found Tusirun's Armour Boutique.
 46015 | Elf:1    | Found the +18 Lear's hauberk
 46290 | Elf:1    | Reached skill level 27 in Axes
 46658 | Elf:2    | Identified the +2 battleaxe "Soes" {holy, Contam rC++ rCorr
                  | Stlth+}
 47094 | Elf:2    | Found a runed translucent gate.
 47095 | Elf:2    | Found a runed translucent gate.
 47095 | Elf:2    | Found a runed translucent gate.
 47973 | Elf:2    | Identified the +1 hat of Miracles {rF++ Dex+3 Slay+4}
                  | (Okawaru gifted it to you on level 2 of the Elven Halls)
 47973 | Elf:2    | Received a gift from Okawaru
 48171 | Elf:3    | Entered Level 3 of the Elven Halls
 48231 | Elf:3    | Paralysed by an air elemental for 1 turns
 48235 | Elf:3    | Found Bawohuxi's Gadget Gallery.
 49499 | Elf:3    | Identified the +4 robe of the Nexus {Contam rN+++ Int+5
                  | Stlth-}
 49499 | Elf:3    | Identified the ring "Umeacuys" {+Blink rC+ rN+++ Will+
                  | Str+2 Int-5}
 49633 | Elf:3    | Got the Essays on Frostbitten Leadership
 49655 | Elf:3    | Identified the +0 helmet of Uvvifish {rC+ Stlth+}
 49674 | Elf:3    | Identified the ring "Semic" {Str+6 Stlth+}
 49746 | Elf:3    | Identified the +5 scimitar of Fycinnoss {vorpal, rF+ Str+3}
 50262 | Vaults:5 | Entered Level 5 of the Vaults
 50281 | Vaults:5 | Reached XP level 22. HP: 153/215 MP: 1/25
 50640 | Vaults:4 | Identified the +7 quarterstaff "Utut" {venom, rC+ Str+2}
                  | (Okawaru gifted it to you on level 4 of the Vaults)
 50640 | Vaults:4 | Received a gift from Okawaru
 51730 | Vaults:5 | Received a gift from Okawaru
 52024 | Vaults:5 | Got a silver rune of Zot
 52070 | Vaults:5 | Identified the +5 rapier of Dried Tears {pain, rC+ Dex+2
                  | SInv}
 52580 | Vaults:5 | Identified the +4 dagger of Fyuboq {drain, rF- rCorr Int-5
                  | Dex+8}
 52640 | Vaults:5 | Identified the +5 flail of True Grit {pain, rN+ rCorr
                  | Int+2}
 52730 | Vaults:5 | Found Firyxigo's General Store.
 52733 | Vaults:5 | Bought a scroll of enchant weapon for 127 gold pieces
 52733 | Vaults:5 | Bought a potion of mutation for 136 gold pieces
 52838 | Vaults:5 | Noticed an ancient lich
 52847 | Vaults:5 | Noticed a golden dragon
 52850 | Vaults:5 | Killed an ancient lich
 52855 | Vaults:5 | Killed a golden dragon
 52994 | Vaults:5 | Identified the +5 scale mail of the Pleiades {rF++ rN+++
                  | Will- Str-3}
 53335 | Vaults:5 | Found the +3 robe of Clouds {*Thunder rCloud rElec}
 53341 | Vaults:5 | Found Efriul's Distillery.
 53343 | Vaults:5 | Found the +2 cloak of the Thief {*Fog Slay-2 SInv Stlth+}
 53345 | Vaults:5 | Identified the +0 helmet of the Lion {rElec Int+2}
 53353 | Vaults:5 | Bought a potion of heal wounds for 60 gold pieces
 53353 | Vaults:5 | Bought a potion of mutation for 96 gold pieces
 53353 | Vaults:5 | Bought a potion of mutation for 96 gold pieces
 53353 | Vaults:5 | Bought a potion of curing for 36 gold pieces
 53353 | Vaults:5 | Bought a potion of might for 48 gold pieces
 53353 | Vaults:5 | Bought 2 potions of cancellation for 192 gold pieces
 53729 | Depths:1 | Entered Level 1 of the Depths
 53758 | Depths:1 | Lost intelligence.
 53764 | Depths:1 | Identified the +8 hand axe "Tilyafa Kuhe" {vorpal, rF++
                  | rCorr} (Okawaru gifted it to you on level 1 of the Depths)
 53764 | Depths:1 | Received a gift from Okawaru
 53981 | Depths:1 | Reached XP level 23. HP: 172/226 MP: 9/27
 54279 | Depths:1 | Found a one-way gateway to a ziggurat.
 54406 | Depths:1 | Found a one-way gate to the infinite horrors of the Abyss.
 54655 | Depths:1 | Identified a scroll of acquirement
 54753 | Depths:1 | You fall into a shaft and drop 1 floor!
 54771 | Depths:2 | Found a corrupted altar of Lugonu.
 54779 | Depths:2 | Found a gateway to Hell.
 54996 | Depths:2 | Acquired 1195 gold pieces
 55109 | Depths:2 | Found a stormy altar of Qazlal.
 55111 | Depths:2 | Identified the +6 trident "Kawaisej" {vorpal, rC++ Str-2
                  | Int+2}
 55395 | Depths:2 | Identified the +4 pair of boots "Xoucanid" {Rampage
                  | *Corrode rElec Str+3} (Okawaru gifted it to you on level 2
                  | of the Depths)
 55395 | Depths:2 | Received a gift from Okawaru
 56040 | Depths:2 | Identified the +1 pair of gloves of Fynkof {rF- Int+5 SInv}
 56044 | Depths:2 | Found a one-way gate leading to the halls of Pandemonium.
 56046 | Depths:2 | Got Sif Muna's Disquisition on the Viperous Sky
 56079 | Depths:2 | Identified the +4 plate armour of Voracious Freedom {rElec
                  | rPois rC++ SInv}
 56427 | Depths:1 | Found a sparkling altar of Nemelex Xobeh.
 56887 | Depths:3 | Found Appuidgh's Jewellery Emporium.
 56938 | Depths:3 | Paralysed by a floating eye for 3 turns
 56983 | Depths:3 | Noticed Vv
 57012 | Depths:3 | Killed Vv
 57657 | Depths:3 | Received a gift from Okawaru
 57861 | Depths:3 | Found a hazy altar of Hepliaklqana.
 58001 | Depths:3 | Got the Catalogue of Putrescence and Stolen Souls
 58057 | Depths:3 | Noticed a caustic shrike
 58062 | Depths:3 | Killed a caustic shrike
 58258 | Depths:3 | Identified the +6 long sword of Noon {drain, MP+9}
 58341 | Depths:4 | Entered Level 4 of the Depths
 58685 | Depths:4 | Found a gate to the Realm of Zot.
 58892 | Depths:4 | Reached XP level 24. HP: 207/238 MP: 9/27
 59102 | Depths:4 | Noticed a juggernaut
 59119 | Depths:4 | Killed a juggernaut
 59235 | Depths:4 | Identified the +1 swamp dragon scales of Depression {+Blink
                  | rPois Str+4} (Okawaru gifted it to you on level 4 of the
                  | Depths)
 59235 | Depths:4 | Received a gift from Okawaru
 60595 | Zot:1    | Entered Level 1 of the Realm of Zot
 60661 | Depths:4 | Lost intelligence.
 61104 | Temple   | Fell from the grace of Okawaru
 61104 | Temple   | Became a worshipper of the Shining One
 61396 | Crypt:1  | Entered Level 1 of the Crypt
 61424 | Crypt:1  | Reached * piety under the Shining One
 61933 | Crypt:1  | Reached ** piety under the Shining One
 62072 | Crypt:1  | Reached *** piety under the Shining One
 62179 | Crypt:1  | Reached **** piety under the Shining One
 62469 | Crypt:2  | Reached ***** piety under the Shining One
 62529 | Crypt:2  | Found a magical portal.
 62553 | WizLab   | Entered The Hall of the Hellbinder
 62843 | WizLab   | Reached ****** piety under the Shining One
 62848 | WizLab   | Identified a +9 broad axe of holy wrath (a +9 broad axe of
                  | venom blessed by the Shining One)
 62848 | WizLab   | Received a gift from the Shining One
 63068 | WizLab   | Found a burning altar of Makhleb.
 63068 | WizLab   | Found the +2 ratskin cloak {*Rats rPois rN+ Str-1 Int-1
                  | Dex+1}
 63092 | WizLab   | Got the Almanac of Apparitions
 63115 | WizLab   | Identified the +2 cloak "Gisoum" {rF- rN+ Regen+}
 63280 | Crypt:2  | Noticed Boris
 63294 | Crypt:2  | Killed Boris
 63379 | Crypt:2  | Identified the ring of Syndicalism {Ice Will+ Str+5}
 63379 | Crypt:2  | Noticed Josephina
 63394 | Crypt:2  | Killed Josephina
 63747 | Crypt:3  | Entered Level 3 of the Crypt
 63845 | Crypt:3  | Found a basalt altar of Yredelemnul.
 63931 | Crypt:3  | Noticed Jory
 63942 | Crypt:3  | Killed Jory
 63943 | Crypt:3  | Reached XP level 25. HP: 203/249 MP: 28/29
 64090 | Crypt:3  | Identified the +1 chain mail of the Heavens {rPois rC+
                  | rN+++ Str-5}
 64159 | Crypt:3  | Found a staircase to the Tomb.
 64191 | Crypt:3  | Identified the +12 shortbow of Beym {vorpal, Contam rPois
                  | Dex+2}
 64259 | Crypt:3  | Got the Compilation of Damage Dealing and Hexing
 64296 | Crypt:3  | Found the +13 scythe of Curses {drain, Drain}
 64318 | Crypt:3  | Identified the +6 war axe "Evagac" {spect, rC++ Str+2 Int+2
                  | Dex-3}
 64945 | Hell     | Entered the Vestibule of Hell
 64948 | Hell     | Noticed Geryon
 64974 | Hell     | Killed Geryon
 65033 | Hell     | Found a gateway to the freezing wastes of Cocytus.
 65123 | Hell     | Found a gateway to the Iron City of Dis.
 65205 | Hell     | Found a gateway to the ashen valley of Gehenna.
 65265 | Hell     | Found a gateway to the decaying netherworld of Tartarus.
 65378 | Geh:1    | Entered Level 1 of Gehenna
 65409 | Hell     | HP: 11/250 [black draconian knight/bolt of lightning[the
                  | fury of Okawaru] (15)]
 65819 | Geh:1    | Lost intelligence.
 65839 | Geh:1    | Reached skill level 15 in Invocations
 66518 | Geh:1    | Noticed a juggernaut
 66533 | Geh:1    | Killed a juggernaut
 66650 | Geh:1    | Noticed a juggernaut
 66686 | Geh:1    | Killed a juggernaut
 66708 | Geh:1    | Noticed a juggernaut
 66727 | Hell     | Killed a juggernaut
 66874 | Geh:1    | Noticed a juggernaut
 66932 | Hell     | Killed a juggernaut
 66987 | Hell     | Was forgiven by Okawaru
 67281 | Zot:1    | Found the +15 Maxwell's patent armour {-Cast -Tele rElec
                  | Will+ rCorr}
 68089 | Zot:1    | Found a transporter.
 69454 | Zot:2    | Reached XP level 26. HP: 253/260 MP: 10/30
 69588 | Zot:2    | Paralysed by you for 4 turns
 70333 | Zot:2    | Got the Compilation of Imprecation
 70540 | Zot:3    | Found the +4 dragonskin cloak
 70540 | Zot:3    | Noticed Tiamat
 71417 | Zot:3    | Found the brooch of Shielding {Spirit SH+8}
 71930 | Zot:3    | Noticed Parghit
 71937 | Zot:3    | Identified the +0 tower shield "Wefexut" {rF- Slay+4}
 72111 | Zot:3    | Killed Parghit
 72385 | Zot:3    | Identified the +2 chain mail of Feasting {Fly rPois Stlth+}
 73120 | Zot:3    | Killed Tiamat
 73522 | Zot:4    | Identified the +7 flail of the Dwarven Hall {freeze, rN+
                  | Dex+5}
 73931 | Zot:4    | Acquired the +1 kite shield "Dekk" {rF+ rC+ Dex+9}
 74198 | Zot:5    | Entered Level 5 of the Realm of Zot
 74932 | Geh:1    | Noticed a juggernaut
 74957 | Geh:1    | Killed a juggernaut
 74958 | Geh:1    | Reached XP level 27. HP: 188/271 MP: 31/31
 75061 | Geh:1    | Noticed a juggernaut
 75082 | Geh:1    | Killed a juggernaut
 75537 | Geh:3    | Reached skill level 27 in Armour
 75728 | Geh:4    | You fall into a shaft and drop 2 floors!
 76037 | Geh:5    | Reached skill level 27 in Fighting
 76138 | Geh:5    | Noticed a dread lich
 76160 | Geh:5    | Gained mutation: You have hidden genetic defects. [a
                  | cacodemon]
 76167 | Geh:5    | Killed a dread lich
 76173 | Geh:5    | Lost mutation: Your magical capacity is low. (-10% MP)
                  | [potion of mutation]
 76173 | Geh:5    | Lost mutation: You have hidden genetic defects. [potion of
                  | mutation]
 76173 | Geh:5    | Gained mutation: Your muscles are strong. (Str +4, Int/Dex
                  | -1) [potion of mutation]
 76173 | Geh:5    | Gained mutation: You are partially covered in iridescent
                  | scales. (AC +2) [potion of mutation]
 76264 | Geh:7    | Entered Level 7 of Gehenna
 76972 | Geh:7    | Got the Compendium of Hurtful Grit
 76992 | Geh:7    | Found the +7 sceptre of Asmodeus
 76992 | Geh:7    | Noticed Asmodeus
 77010 | Geh:7    | Killed Asmodeus
 77032 | Geh:7    | Got an obsidian rune of Zot
 77294 | Dis:1    | Entered Level 1 of the Iron City of Dis
 77522 | Dis:1    | Found a huge runed gate.
 77522 | Dis:1    | Found a huge runed gate.
 77523 | Dis:1    | Found a huge runed gate.
 77524 | Dis:1    | Found a huge runed gate.
 77524 | Dis:1    | Found a huge runed gate.
 77524 | Dis:1    | Found a huge runed gate.
 77524 | Dis:1    | Found a huge runed gate.
 77524 | Dis:1    | Found a huge runed gate.
 77525 | Dis:1    | Found a huge runed gate.
 77526 | Dis:1    | Found a huge runed gate.
 77527 | Dis:1    | Found a huge runed gate.
 77528 | Dis:1    | Found a huge runed gate.
 77562 | Dis:1    | Found a huge runed gate.
 77563 | Dis:1    | Found a huge runed gate.
 77564 | Dis:1    | Found a huge runed gate.
 77565 | Dis:1    | Found a huge runed gate.
 77573 | Dis:1    | Found a huge runed gate.
 77573 | Dis:1    | Found a huge runed gate.
 77573 | Dis:1    | Found a huge runed gate.
 77573 | Dis:1    | Found a huge runed gate.
 77573 | Dis:1    | Found a huge runed gate.
 77573 | Dis:1    | Found a huge runed gate.
 77574 | Dis:1    | Found a huge runed gate.
 77575 | Dis:1    | Found a huge runed gate.
 77576 | Dis:1    | Found a huge runed gate.
 77584 | Dis:1    | Found a huge runed gate.
 77584 | Dis:1    | Found a huge runed gate.
 77584 | Dis:1    | Found a huge runed gate.
 77584 | Dis:1    | Found a huge runed gate.
 77584 | Dis:1    | Found a huge runed gate.
 77584 | Dis:1    | Found a huge runed gate.
 77585 | Dis:1    | Found a huge runed gate.
 77586 | Dis:1    | Found a huge runed gate.
 77587 | Dis:1    | Found a huge runed gate.
 77595 | Dis:1    | Found a huge runed gate.
 77595 | Dis:1    | Found a huge runed gate.
 78784 | Dis:7    | Entered Level 7 of the Iron City of Dis
 79711 | Dis:7    | Noticed a juggernaut
 79740 | Dis:7    | Killed a juggernaut
 79857 | Dis:7    | Identified the amulet "Wumirapn" {Faith Str+2 Int+4}
 79864 | Dis:7    | Got Sif Muna's Incunable of Embers
 79937 | Dis:7    | Reached skill level 27 in Shields
 80717 | Dis:7    | Noticed a juggernaut
 80735 | Dis:7    | Killed a juggernaut
 80952 | Dis:7    | Identified the +3 ring mail "Nuxuir" {rPois}
 81678 | Dis:7    | Noticed a juggernaut
 81681 | Dis:7    | Found the +4 staff of Dispater
 81681 | Dis:7    | Noticed Dispater
 81998 | Dis:7    | Killed Dispater
 82040 | Dis:7    | Killed a juggernaut
 82071 | Dis:7    | Got an iron rune of Zot
 82272 | Tar:1    | Entered Level 1 of Tartarus
 82272 | Tar:1    | Lost intelligence.
 82682 | Tar:7    | Entered Level 7 of Tartarus
 83030 | Tar:7    | HP: 3/271 [tainted leviathan] (14)]
 83030 | Tar:7    | Succumbed to a tainted leviathan's dark miasma

Illustrated notes

Levels and vault maps discovered:
D:1:      dpeg_arrival_arbitrary_b, layout_basic
D:2:      wander_river, layout_basic, uniq_natasha
D:3:      layout_rooms, nicolae_overflow_squiral, fedhas_altar_2
D:4:      layout_loops_ring, portal_sewer_entry_f, serial_shops, shop,
          kennysheep_generic_room_4
D:5:      layout_cave_pools, nicolae_overflow_crystal_walls,
          serial_bayou_ford_a, grunt_tough_drop
D:6:      layout_loops_ring, mainiacjoe_overflow_surrounded_room, temple_hall,
          ebering_ghost_rock_garden, nicolae_shop_sticking_my_neck_out
D:7:      layout_gridville
D:8:      layout_loops_ring, mainiacjoe_overflow_small_starburst, uniq_gastronok
D:9:      layout_loops_ring, serial_shops, nicolae_diamond_shop,
          serial_bayou_pond_b, minmay_statue_crystal_thing
D:10:     wad_cavern_with_rooms, layout_long_grid, lair_entry_dummy,
          serial_shops, shop, nicolae_shop_self_help, uniq_snorg
D:11:     layout_cave_pools, minivault_14
D:12:     layout_stronghold, erik_orc_4, gammafunk_ghost_smash,
          nicolae_trove_entry_free_sample, kiku_gazebo_pond_becter, uniq_fannar,
          uniq_rupert
D:13:     layout_cave_pools, david_vaults_5
D:14:     layout_rooms, lemuel_old_faithful
D:15:     hangedman_depths_entry_civil_slaughter, layout_rooms, uniq_roxanne
Temple:   nicolae_temple_superstar
Lair:1:   layout_gridlike, serial_rivers, chequers_serial_rivers_large_a,
          chequers_serial_rivers_small_3, chequers_serial_rivers_large_b,
          chequers_serial_rivers_micro_e, chequers_serial_rivers_small_b,
          chequers_serial_rivers_micro_c, grunt_forest_stairs_basic
Lair:2:   layout_cave_pods, swamp_mist, grunt_forest_large_clearing_hut
Lair:3:   layout_cave_pods, spider_nest_entry_a, gauntlet_entry_generic,
          grunt_megastairs_4, lemuel_fruit_fields, uniq_amaemon
Lair:4:   layout_gridlike, slime_entry_2, gammafunk_ghost_wrathful_warriors
Lair:5:   hangedman_lair_tendril_chambers, layout_regular_city,
          guppyfry_lair_end_dragon, minivault_27, lemuel_fruit_tree,
          serial_bayou_shore_b, serial_bayou_shore_b, grunt_megastairs_2
Swamp:1:  gammafunk_worm_tunnel, layout_basic_swamp,
          nicolae_swamp_dense_foliage, swamp_pool1,
          nicolae_swamp_stuck_in_the_mud
Swamp:2:  layout_basic_swamp, evilmike_swamp_ruin_house_3, swamp_pool1
Swamp:3:  layout_basic_swamp, hangedman_swamp_ruin_hall
Swamp:4:  swamp_basic_johnstein, layout_basic_swamp, swamp_pool1
Spider:1: layout_spider_delve, ebering_ghost_xom, drop_trap
Spider:2: layout_cave_pods, uniq_nikola
Spider:3: layout_spider_delve, uniq_louise, uniq_donald, uniq_jorgrun
Spider:4: grunt_spider_rune_circles, hive_lemuel
Orc:1:    layout_caves
Orc:2:    st_orc_elflike, layout_diamond_mine, basic_altar
Elf:1:    eino_elf_arrival_customs, layout_loops_corners, serial_shops, shop,
          kennysheep_underground_church, nicolae_elf_w_pinch, minmay_shop_star
Elf:2:    nicolae_elf_blades_crystal_corner, layout_onion_city
Elf:3:    minmay_elf_hall_x, layout_geoelf_octagon, nicolae_shop_gadgets
Vaults:1: grunt_vaults_hallway_long, nicolae_vaults_network_quinsquares
          [nicolae_vaults_network_quincunx_subvault,
          nicolae_vaults_network_quincunx_subvault,
          nicolae_vaults_network_quincunx_subvault,
          nicolae_vaults_network_quincunx_subvault],
          ontoclasm_vaults_decontamination, ontoclasm_vaults_eye,
          nicolae_vaults_rhombus_5, ontoclasm_vaults_shuriken,
          vaults_room_semicircle, vaults_standard_mumra_x, serial_ice_m,
          ontoclasm_vaults_pinch, vaults_dpeg_cross, hangedman_vaults_snaps,
          layout_vaults_omnigrid, serial_shops, nicolae_shop_statue_plus,
          uniq_saint_roka, uniq_asterion
Vaults:2: hangedman_vaults_unwind, st_eye, vaults_room_door_hall,
          vaults_standard_mumra_lines, v_misc_26, hangedman_vaults_maws,
          nicolae_vaults_stairing_the_circle, nicolae_vaults_little_squares_5,
          layout_vaults_maze_bifur
Vaults:3: minmay_crypt_entry_simple_sparse, vaults_dpeg_hooks,
          hangedman_vaults_locks, v_alt_pattern_3,
          nicolae_vaults_windows_and_doors_thing, vaults_room_stairs_pillars,
          vaults_room_ringed_pool, vaults_standard_mumra_enter_the_diamond,
          nicolae_vaults_specimen_jars, nicolae_vaults_little_squares_6,
          nicolae_vaults_rhombus_6, vaults_room_stairs_pillars,
          layout_vaults_omnibox
Vaults:4: dpeg_vaults_monster_box, ontoclasm_vaults_chip, v_alt_pattern_6,
          v_misc_17, vaults_room_stairs_pillars, v_rooms_4,
          vaults_mumra_minichess_inversion, nicolae_vaults_little_squares_1,
          nicolae_vaults_ring_of_whatevers, vaults_dpeg_encased_lava,
          hangedman_vaults_corner, vaults_room_stairs_pillars,
          vaults_room_hangedman_quadrants, layout_vaults_omnicross,
          serial_shops, shop, uniq_mennas, uniq_frederick, uniq_sojobo,
          uniq_margery, uniq_aizul
Vaults:5: serial_shops
Crypt:1:  layout_rooms, grunt_ministairs_3, grunt_crypt_arrival_webbed,
          lemuel_upstairs_altar
Crypt:2:  layout_chaotic_city, lightli_enter_wizlab_magi_temple, uniq_boris,
          uniq_josephina
Crypt:3:  grunt_crypt_end_deaths_head, uniq_jory
Depths:1: layout_honeycomb, enter_ziggurat_c, pf_hell_entry_tar_spiral,
          hangedman_abyss_entry_splay, hex_large, nemelex_spade_bored_becter,
          grunt_megastairs_3
Depths:2: hangedman_stitches_corridor, layout_cave_pools,
          minmay_misc_feat_more_columns, pan_entry, abyss_entry_flame_altar,
          hell_entry, nicolae_qazlal_scattered_showers
Depths:3: minmay_chopped_fan, layout_cave_pools, hellmonk_bongcloud_opening,
          serial_shops, shop, abyss_entry, hell_entry,
          worldfamousw_hep_ancestral_shrine, infiniplex_staircase_star, uniq_vv
Depths:4: evilmike_zot_entry_argh, layout_basic, abyss_entry_crystal,
          grunt_metal_band, minmay_misc_feat_tower, grunt_ministairs_13
Hell
Dis:1:    layout_overlapping_boxes, door_vault
Dis:2:    layout_subdivisions
Dis:3:    layout_jigsaw, nicolae_dis_spooky_hallway
Dis:4:    layout_gridville
Dis:5:    layout_gridville
Dis:6:    layout_gridville
Dis:7:    dis_hangedman
Geh:1:    nicolae_hells_titanomachy
Geh:2:    layout_gehenna_lava_caves
Geh:3:    layout_gehenna_lava_caves
Geh:4:    layout_gehenna_pools_triple
Geh:5:    layout_gehenna_pools_basic
Geh:6:    layout_gehenna_pools_basic
Geh:7:    geh_old
Tar:1:    layout_cathedral_of_symmetry
Tar:2:    layout_catacombs
Tar:3:    layout_grid_maze
Tar:4:    layout_catacombs, nicolae_tar_cuneiform_heaven
Tar:5:    layout_grid_maze, nicolae_tar_honey_chapel
Tar:6:    layout_honeycomb
Tar:7:    tar_minmay_river
Zot:1:    layout_basic, nicolae_diode_basic
Zot:2:    gammafunk_mikee_crab_dinner, layout_twisted_circle
Zot:3:    grunt_twist_and_shout, layout_cathedral_of_symmetry,
          grunt_ministairs_13, zot_minivault_1, uniq_parghit, uniq_tiamat
Zot:4:    layout_gridlike
Zot:5:    layout_cellular_growth

Skill      XL: |  1  2  3  4  5  6  7  8  9 10 11 12 13 14 15 16 17 18 19 20 21 22 23 24 25 26 27 |
---------------+----------------------------------------------------------------------------------+-----
Axes           | 3 4 5 6 8 10 11 13 14 16 17 18 20 21 23 25 26 27 | 27.0
Dodging        | 1 2 3 4 6 7 8 9 10 11 12 13 14 15 16 18 19 20 21 22 25 | 25.9
Shields        | 4 5 6 8 9 10 11 12 13 14 15 16 17 18 20 21 22 23 24 25 27 | 27.0
Fighting       | 4 5 6 8 9 10 11 12 13 14 16 18 19 20 21 22 23 24 25 26 27 | 27.0
Armour         | 4 5 6 8 9 10 11 12 13 15 16 18 19 20 21 22 23 24 25 26 27 | 27.0
Invocations    | 2 4 6 7 8 9 10 12 13 16 18 24 | 24.4
Evocations     | 3 5 |  5.0

Action                   |  1- 3 |  4- 6 |  7- 9 | 10-12 | 13-15 | 16-18 | 19-21 | 22-24 | 25-27 || total
-------------------------+-------+-------+-------+-------+-------+-------+-------+-------+-------++-------
Melee: War axe           |    92 |   105 |   189 |   505 |   998 |   796 |       |       |       ||  2685
       Headbutt          |    15 |    13 |    38 |   122 |   288 |   386 |   410 |   631 |  1272 ||  3175
       Scimitar          |       |       |       |       |    10 |       |       |       |       ||    10
       Broad axe         |       |       |       |       |       |   561 |  1214 |  1676 |  2771 ||  6222
Throw: Throwing net      |       |       |       |     2 |       |       |       |       |       ||     2
Invok: Heroism           |       |       |       |     2 |     5 |     2 |     1 |     3 |       ||    13
       Finesse           |       |       |       |       |     2 |       |     1 |     2 |       ||     5
       Brand Weapon With |       |       |       |       |       |       |       |     1 |       ||     1
       Summon Divine War |       |       |       |       |       |       |       |       |    11 ||    11
       Cleansing Flame   |       |       |       |       |       |       |       |       |    18 ||    18
       Divine Shield     |       |       |       |       |       |       |       |       |     3 ||     3
 Abil: Evoke Blink       |       |       |       |       |       |       |     2 |       |       ||     2
Evoke: Wand              |       |       |     5 |     5 |     2 |     1 |     1 |     4 |     1 ||    19
       Condenser vane    |       |       |       |       |       |       |     6 |       |       ||     6
  Use: Scroll            |     6 |     3 |     8 |    10 |     7 |     9 |     6 |     8 |    15 ||    72
       Potion            |       |     2 |     1 |     5 |     2 |       |     4 |     1 |    14 ||    29
 Stab: Paralysed         |       |       |       |     3 |       |       |       |       |       ||     3
       Invisible         |       |       |       |     2 |       |       |       |       |       ||     2
       Confused          |       |       |       |       |     2 |       |       |       |       ||     2
       Distracted        |       |       |       |       |     1 |     2 |     1 |     1 |       ||     5
Armor: Scale mail        |    47 |    20 |       |       |       |       |       |       |       ||    67
       Chain mail        |       |    24 |    53 |       |       |       |       |       |       ||    77
       Plate armour      |       |       |     1 |   195 |       |       |       |   108 |       ||   304
       Pearl dragon scal |       |       |       |    24 |   276 |   567 |   255 |   164 |       ||  1286
       Gold dragon scale |       |       |       |       |       |       |       |   178 |  1044 ||  1222
       Skin              |       |       |       |       |       |       |       |       |     1 ||     1
Dodge: Dodged            |    44 |    51 |    79 |   180 |   415 |   651 |   383 |   665 |  1398 ||  3866
Block: Buckler           |    25 |    18 |    79 |   269 |   437 |    23 |       |       |       ||   851
       Reflection        |       |       |     2 |    26 |     3 |    39 |    87 |    33 |    62 ||   252
       Kite shield       |       |       |       |       |       |  1358 |   906 |  1352 |  2207 ||  5823
